 Dungeon Crawl Stone Soup version 0.22.1-1-ga44c0e56f4 (webtiles) character file.

63 Descartes the Magician (level 4, -7/21 HPs)
             Began as a Vine Stalker Wanderer on Nov 10, 2018.
             Mangled by an orc warrior
             ... wielding a cursed +0 hand axe
              (9 damage)
             ... on level 2 of the Dungeon.
             The game lasted 00:04:35 (1435 turns).

Descartes the Magician (Vine Stalker Wanderer)      Turns: 1435, Time: 00:04:36

Health: -7/21      AC:  8    Str: 17    XL:     4   Next: 9%
Magic:  0/18       EV: 10    Int:  9    God:
Gold:   61         SH:  0    Dex: 15    Spells: 8/9 levels left

rFire    . . .     SeeInvis .   a - +0 mace
rCold    . . .     Gourm    .   (no shield)
rNeg     . . .     Faith    .   c - +2 scale mail
rPois    .         Spirit   +   (no helmet)
rElec    .         Reflect  .   (no cloak)
rCorr    .         Harm     .   (no gloves)
MR       .....                  (no boots)
Stlth    ..........             (no amulet)
HPRegen  0.47/turn              l - ring of magical power
MPRegen  0.16/turn              (no ring)

@: no status effects
A: fangs 2, regeneration 1, magic shield, antimagic bite, no potion heal 3, rot
immunity
a: no special abilities


You were on level 2 of the Dungeon.
You were not hungry.

You visited 1 branch of the dungeon, and saw 2 of its levels.

You collected 61 gold pieces.

Inventory:

Hand Weapons
 a - a +0 mace (weapon)
 b - a +0 hunting sling
 i - a +0 whip
Missiles
 h - 68 stones (quivered)
 k - 16 sling bullets
Armour
 c - a +2 scale mail (worn)
Jewellery
 l - a ring of magical power (left hand)
Scrolls
 f - 3 scrolls of identify {unknown}
Potions
 e - a potion of flight {unknown}
 g - 2 potions of berserk rage {unknown}
Comestibles
 d - 2 rations
 j - 2 chunks of flesh


   Skills:
 * Level 2.6 Maces & Flails
 - Level 1.5 Armour
 + Level 1.3 Dodging
 - Level 1.2 Stealth
 - Level 3.2 Spellcasting
   Level 2.0 Conjurations
 + Level 1.2 Translocations
   Level 1.0 Evocations


You had 8 spell levels left.
You knew the following spells:

 Your Spells              Type           Power        Failure   Level  Hunger
a - Apportation           Tloc           #.....       52%         1    ##.....

Your spell library contained the following spells:

 Spells                   Type           Power        Failure   Level  Hunger
 Gell's Gravitas          Tloc           #.........   88%         3    ####...


Dungeon Overview and Level Annotations

Branches:
Dungeon (2/15)

Altars:


Innate Abilities, Weirdness & Mutations

You have extremely sharp teeth.
Your natural rate of healing is unusually fast.
When hurt, damage is shared between your health and your magic reserves.
Your bite disrupts and absorbs the magic of your enemies.
Potions cannot restore your health.
You are immune to rotting.


Message History

The orc wizard gestures wildly while chanting.
The orc wizard flickers and vanishes!
Deactivating autopickup; reactivate with Ctrl-A.
The orc warrior closely misses you. The orc warrior closely misses you.
You barely miss the orc warrior.
You bite the orc warrior, but do no damage.
The orc warrior is moderately wounded.
The orc warrior hits you with a hand axe!
* * * LOW HITPOINT WARNING * * *
The orc warrior hits you but does no damage.
You hit the orc warrior but do no damage.
Your bite misses the orc warrior.
The orc warrior is moderately wounded.
The orc warrior hits you with a hand axe!
* * * LOW HITPOINT WARNING * * *
You hit the orc warrior but do no damage.
The orc warrior is moderately wounded.
The orc warrior hits you with a hand axe!
You die...

#..# #.#...### ###..#
#.##.## ....# #....###
###...# #......# ...go
##.#.#)# #..# #.#.#.#
#.)# #.#.#.# #####.r#####
#.#.#.# .....?gSo@..#
#.#.#.# %.......###.#
####.#.#.#
#######.###.####........#
#............##.#.#.#
#.#####..######.#.#.# ..
#..# #[#>... .. .....
..###### #.# ###.... ..#
#...## ...#


You could see an orc warrior, an adder, a goblin and a rat.

Vanquished Creatures
  A worker ant (D:2)
  2 dart slugs (D:1)
  4 leopard geckos (D:1)
  An orc (D:2)
  3 giant cockroaches
  2 goblins (D:1)
  4 hobgoblins
  2 kobolds (D:1)
  A ball python (D:1)
  4 bats
  A frilled lizard (D:1)
  4 rats (D:1)
29 creatures vanquished.

Notes
Turn   | Place    | Note
-------+----------+-------------------------------------------
     0 | D:1      | Descartes the Vine Stalker Wanderer began the quest for the
                  | Orb.
     0 | D:1      | Descartes set off with: a +2 scale mail, a +0 mace, a
                  | ration
     0 | D:1      | Reached XP level 1. HP: 9/9 MP: 5/5
    84 | D:1      | Reached XP level 2. HP: 6/13 MP: 2/7
   270 | D:1      | Learned a level 1 spell: Apportation
   694 | D:1      | Reached XP level 3. HP: 16/16 MP: 8/8
   909 | D:1      | Reached skill level 1 in Dodging
  1397 | D:2      | Reached skill level 1 in Translocations
  1397 | D:2      | Gained mutation: Your natural rate of healing is unusually
                  | fast. [Vine Stalker growth]
  1397 | D:2      | Reached XP level 4. HP: 21/21 MP: 9/9
  1421 | D:2      | Noticed an orc warrior
  1434 | D:2      | HP: 1/21 [orc warrior/hand axe (5)]
  1435 | D:2      | Mangled by an orc warrior

Skill      XL: |  1  2  3 |
---------------+----------+-----
Maces & Flails | 2 |  2.6
Dodging        | 1 |  1.3
Translocations | 1 |  1.2
Armour         | |  1.5
Stealth        | |  1.2
Spellcasting   | |  3.2
Conjurations   | |  2.0
Evocations     | |  1.0

Action                   |  1- 3 |  4- 6 || total
-------------------------+-------+-------++-------
Melee: Mace              |    74 |     7 ||    81
       Bite              |    18 |     1 ||    19
 Fire: Hunting sling     |     4 |       ||     4
  Eat: Chunk             |     2 |       ||     2
Armor: Scale mail        |    51 |     1 ||    52
Dodge: Dodged            |    39 |     4 ||    43
